Map: Newkirk Precinct TE (Void)

Players

Neeb

  • Race: Protoss Protoss
  • Spawn Location: 5:00

TYTY (TY) - Winner!

  • Race: Terran Terran
  • Spawn Location: 7:00

Event: IEM XI Katowice - World Championship 2017

VOD

Have the link to the VOD?

Description

Time

  • Played on: March 2, 2017, 5:20 a.m.
  • Length: 9:12

All games in this series

Show
View Real Time Build Order
Export as new Build Order

Neeb Protoss 

Build Orders: 1 Gate Expand, Blink Stalkers 

Get SALT Encoding   

  12  0:01  Probe (Chrono Boost)  
  13  0:11  Probe (Chrono Boost)  
  14  0:17  Pylon  
  14  0:22  Probe (Chrono Boost)  
  15  0:36  Gateway, Probe (Chrono Boost)  
  16  0:45  Assimilator  
  16  0:46  Probe (Chrono Boost)  
  18  0:57  Probe (Chrono Boost)  
  18  1:07  Probe (Chrono Boost)  
  19  1:20  Nexus  
  19  1:23  Probe (Chrono Boost)  
  20  1:33  Cybernetics Core  
  20  1:37  Probe (Chrono Boost)  
  21  1:41  Assimilator  
  21  1:47  Probe (Chrono Boost)  
  21  1:52  Pylon  
  22  1:58  Probe (Chrono Boost)  
  23  2:06  Adept  
  23  2:10  Warp Gate  
  23  2:11  Probe (Chrono Boost)  
  27  2:25  Mothership Core (Chrono Boost)  
  28  2:32  Probe (Chrono Boost)  
  29  2:43  Probe (Chrono Boost)  
  29  2:44  Probe (Chrono Boost)  
  31  2:53  Probe (Chrono Boost)  
  31  2:54  Probe (Chrono Boost)  
  31  2:56  Robotics Facility  
  33  3:04  Probe (Chrono Boost)  
  33  3:05  Probe (Chrono Boost)  
  35  3:07  Pylon  
  35  3:12  Twilight Council  
  35  3:14  Probe (Chrono Boost)  
  35  3:15  Probe (Chrono Boost)  
  37  3:25  Probe (Chrono Boost)  
  37  3:26  Gateway  
  38  3:27  Probe (Chrono Boost)  
  38  3:32  Gateway  
  39  3:35  Blink, Probe (Chrono Boost)  
  39  3:38  Pylon, Probe (Chrono Boost)  
  41  3:44  Observer  
  41  3:46  Probe (Chrono Boost)  
  43  3:54  Assimilator, Probe (Chrono Boost)  
  44  3:56  Probe (Chrono Boost)  
  44  4:01  Pylon  
  45  4:05  Pylon, Observer  
  45  4:06  Probe (Chrono Boost)  
  45  4:08  Probe (Chrono Boost)  
  48  4:14  Stalker  
  51  4:18  Probe (Chrono Boost)  
  51  4:20  Probe (Chrono Boost)  
  52  4:25  Stalker  
  52  4:28  Stalker  
  56  4:34  Observer  
  56  4:37  Probe (Chrono Boost)  
  56  4:38  Probe (Chrono Boost)  
  53  4:50  Probe (Chrono Boost)  
  53  4:51  Probe (Chrono Boost)  
  55  4:53  Warp Prism  
  55  4:55  Nexus  
  57  5:02  Probe (Chrono Boost)  
  57  5:05  Probe (Chrono Boost)  
  59  5:11  Stalker x2  
  63  5:14  Stalker  
  63  5:20  Probe x2 (Chrono Boost)  
  67  5:25  Assimilator  
  67  5:26  Pylon  
  67  5:34  Forge  
  67  5:36  Stalker  
  67  5:37  Stalker  
  73  5:44  Probe x2 (Chrono Boost)  
  73  5:45  Immortal  
  73  5:56  Probe (Chrono Boost)  
  78  5:57  Resonating Glaives  
  78  6:01  Protoss Ground Weapons Level 1  
  78  6:02  Probe (Chrono Boost)  
  78  6:03  Sentry x2  
  83  6:05  Gateway  
  83  6:07  Gateway  
  85  6:11  Probe x2 (Chrono Boost)  
  85  6:24  Probe (Chrono Boost)  
  87  6:26  Probe (Chrono Boost)  
  87  6:28  Gateway, Probe (Chrono Boost)  
  87  6:31  Pylon, Immortal  
  88  6:36  Probe (Chrono Boost)  
  88  6:39  Probe (Chrono Boost)  
  94  6:46  Probe (Chrono Boost)  
  95  6:49  Stalker  
  95  6:50  Stalker x2  
  101  6:59  Probe x2 (Chrono Boost)  
  101  7:00  Probe (Chrono Boost)  
  100  7:10  Stalker  
  100  7:11  Stalker  
  100  7:13  Probe x2 (Chrono Boost)  
  100  7:15  Immortal  
  100  7:17  Stalker x3  
  105  7:24  Probe (Chrono Boost)  
  105  7:28  Assimilator  
  105  7:29  Assimilator  
  99  7:34  Pylon  
  99  7:35  Adept x2  
  103  7:41  Gateway  
  103  7:43  Gateway  
  103  7:44  Adept, Sentry x2  
  103  7:51  Pylon x2  
  109  7:53  Adept  
  109  7:54  Observer  
  112  8:01  Robotics Bay  
  112  8:04  Probe (Chrono Boost)  
  112  8:05  Probe x2 (Chrono Boost)  
  115  8:12  Adept x5  
  125  8:19  Pylon  
  125  8:22  Pylon  
  125  8:29  Adept  
  125  8:33  Adept x3  
  133  8:41  Stalker x3  
  131  8:47  Pylon x2, Stalker  
  110  9:00  Stalker x2  
  92  9:06  Stalker x2  
Show
View Real Time Build Order
Export as new Build Order

TYTY Terran - Winner!

Build Orders: Reaper Expand, MMM Bio 

Get SALT Encoding   

  12  0:00  SCV  
  13  0:12  SCV  
  14  0:17  Supply Depot  
  14  0:24  SCV  
  15  0:29  Refinery  
  15  0:39  SCV  
  16  0:45  Barracks  
  16  0:51  SCV  
  17  1:03  SCV  
  18  1:15  SCV  
  19  1:32  Reaper, Orbital Command  
  20  1:48  Command Center  
  20  1:58  Factory  
  20  2:02  SCV  
  20  2:06  Barracks Reactor  
  21  2:14  SCV  
  22  2:15  Supply Depot  
  22  2:26  SCV, Engineering Bay  
  23  2:38  SCV  
  23  2:40  Refinery  
  23  2:43  Marine  
  26  2:47  Starport  
  26  2:50  SCV  
  25  2:53  Widow Mine  
  25  2:57  Marine  
  28  3:04  Orbital Command  
  28  3:06  SCV  
  28  3:12  Marine  
  29  3:15  Marine  
  29  3:18  SCV  
  31  3:22  Widow Mine  
  31  3:23  Medivac  
  35  3:30  SCV x2  
  35  3:32  Marine  
  35  3:33  Marine  
  39  3:35  Supply Depot  
  39  3:42  SCV  
  39  3:47  SCV  
  41  3:50  Marine  
  41  3:51  Marine  
  41  3:54  SCV  
  46  3:56  Factory Tech Lab  
  46  4:00  SCV, Barracks  
  46  4:02  Barracks  
  45  4:05  Starport Tech Lab  
  45  4:06  SCV  
  45  4:09  Marine x2  
  47  4:12  SCV  
  49  4:18  SCV  
  50  4:24  SCV  
  50  4:30  SCV  
  50  4:35  Marine  
  50  4:36  SCV  
  50  4:44  Supply Depot  
  50  4:45  Supply Depot  
  50  4:51  SCV x2  
  51  4:52  Supply Depot  
  51  4:54  Stimpack  
  51  4:55  Engineering Bay  
  51  4:58  Barracks  
  51  4:59  Barracks  
  53  5:00  Marauder  
  53  5:02  Marauder  
  53  5:03  Starport Reactor  
  53  5:05  SCV  
  53  5:06  SCV  
  55  5:08  Marine  
  55  5:09  Marine  
  55  5:13  Concussive Shells  
  57  5:19  Bunker, SCV x2  
  59  5:22  Marauder  
  59  5:24  Terran Infantry Weapons Level 1  
  59  5:27  Marine  
  62  5:29  Marine  
  62  5:32  Refinery  
  62  5:33  Marauder  
  65  5:40  Medivac x2  
  69  5:43  Supply Depot  
  69  5:46  Barracks Tech Lab x2  
  70  5:52  SCV  
  71  6:00  Barracks Reactor  
  71  6:02  Marauder x2  
  73  6:06  Marauder x2  
  73  6:10  SCV x2  
  77  6:22  SCV x2  
  77  6:23  Marine x2  
  79  6:29  Marauder  
  79  6:30  Missile Turret, Marauder, Refinery  
  79  6:32  Combat Shields  
  83  6:36  Supply Depot  
  83  6:38  Factory Reactor  
  83  6:39  Marine x2  
  85  6:50  Supply Depot  
  85  6:54  Liberator  
  85  6:58  Marauder  
  85  6:59  Marine, Marauder  
  94  7:01  Marine  
  94  7:02  Marauder  
  94  7:05  Marauder  
  93  7:14  Liberator  
  93  7:17  Marine  
  93  7:18  Marine  
  93  7:19  Marine  
  93  7:20  Marine  
  93  7:21  Widow Mine x2  
  96  7:27  Marauder x2  
  98  7:34  Supply Depot  
  98  7:35  Marine  
  98  7:36  Marine  
  102  7:37  Marine  
  102  7:39  Command Center  
  105  7:44  Marauder  
  105  7:52  Marauder x2  
  105  7:55  Widow Mine x2  
  114  8:05  Marine  
  118  8:06  Marine  
  118  8:10  Supply Depot  
  118  8:11  Supply Depot  
  115  8:13  Supply Depot  
  115  8:14  Medivac  
  117  8:31  Widow Mine x2  
  117  8:32  Marauder x2  
  117  8:33  Marauder x2, Medivac  
  126  8:44  Marine x2  

Tags
 
Add a new tag
Caveats
  • Supply blocks, unpowered buildings, or Contaminate may cause inaccurate times.
  • Supply counts are checked every 10 seconds.